 Dungeon Crawl Stone Soup version 0.21-a0-509-gecc5317 (webtiles) character file.

49 slep the Chopper (level 3, 0/31 HPs)
             Began as a Minotaur Gladiator on Dec 1, 2017.
             Slain by a sky beast (5 damage)
             ... on level 3 of the Dungeon.
             The game lasted 00:03:57 (1339 turns).

slep the Chopper (Minotaur Gladiator)               Turns: 1339, Time: 00:03:58

Health: 0/31       AC:  8    Str: 18    XL:     3   Next: 51%
Magic:  2/2        EV:  8    Int:  5    God:
Gold:   36         SH:  0    Dex: 12    Spells: 2/2 levels left

rFire    . . .     SeeInvis .   a - +0 war axe
rCold    . . .     Gourm    .   (no shield)
rNeg     . . .     Faith    .   k - +0 chain mail
rPois    .         Spirit   .   c - +0 hat
rElec    .         Reflect  .   (no cloak)
rCorr    .         Harm     .   (no gloves)
MR       .....                  (no boots)
Stlth    ..........             (no amulet)
HPRegen  0.10/turn              (no ring)
MPRegen  0.08/turn              (no ring)

@: confused
A: retaliatory headbutt, horns 2
a: no special abilities


You were on level 3 of the Dungeon.
You were not hungry.

You visited 1 branch of the dungeon, and saw 3 of its levels.

You collected 36 gold pieces.

Inventory:

Hand Weapons
 a - a +0 war axe (weapon)
Missiles
 d - 3 throwing nets (quivered)
 j - 7 tomahawks
Armour
 b - a +0 leather armour
 c - a +0 hat (worn)
 k - a +0 chain mail (worn)
Scrolls
 e - 2 scrolls of enchant weapon {unknown}
 h - 3 scrolls of identify {unknown}
 i - a scroll of amnesia {unknown}
 m - a scroll of immolation {unknown}
 o - a scroll of fog {unknown}
 r - a scroll of remove curse {unknown}
Potions
 n - a potion of lignification {unknown}
 p - a potion of flight {unknown}
Comestibles
 f - a bread ration
 l - 2 meat rations
 q - 2 fruits


   Skills:
 + Level 3.1 Fighting
 + Level 4.3 Axes
 + Level 2.1 Throwing
 + Level 0.3 Armour
 + Level 4.0 Dodging


You had 2 spell levels left.
You didn't know any spells.

Dungeon Overview and Level Annotations

Branches:
Dungeon (2/15)

Altars:
Ashenzari
Cheibriados


Innate Abilities, Weirdness & Mutations

You reflexively headbutt those who attack you in melee.
You have a pair of horns on your head.


Message History

You hit the sky beast.
The sky beast is severely wounded.
The sky beast closely misses you.
You hit the sky beast but do no damage.
The sky beast is heavily wounded.
The sky beast hits you but does no damage.
You slash the sky beast!
The sky beast is almost dead.
The sky beast hits you. The sky beast shocks you.
* * * LOW HITPOINT WARNING * * *
The sky beast hits you.
* * * LOW HITPOINT WARNING * * *
The sky beast shocks you.
* * * LOW HITPOINT WARNING * * *
It was a potion of ambrosia.
You are confused.
You feel invigorated. The sky beast hits you.
* * * LOW HITPOINT WARNING * * *
The sky beast shocks you.
You die...

##.# #...
#..# #..#
## #..## ..
#... .#
#..##.#
#..@Y.#
#)###.#
#..###.###.
#..........
##.#####.#.
#.......#
#.#######
#.# #.#


You could see a sky beast.

Vanquished Creatures
  3 dart slugs (D:1)
  2 ball pythons
  10 bats
  A giant cockroach (D:2)
  3 goblins
  4 hobgoblins (D:1)
  A quokka (D:2)
  6 frilled lizards
  7 kobolds
  3 rats
40 creatures vanquished.

Notes
Turn   | Place    | Note
-------+----------+-------------------------------------------
     0 | D:1      | slep the Minotaur Gladiator began the quest for the Orb.
     0 | D:1      | Reached XP level 1. HP: 18/18 MP: 0/0
    33 | D:1      | Reached XP level 2. HP: 21/26 MP: 1/1
   353 | D:1      | Reached XP level 3. HP: 31/31 MP: 2/2
   844 | D:2      | Found a snail-covered altar of Cheibriados.
  1108 | D:2      | Found a shattered altar of Ashenzari.
  1300 | D:2      | You fall through a shaft!
  1326 | D:3      | Noticed a sky beast
  1338 | D:3      | HP: 1/31 [sky beast (5)]
  1339 | D:3      | Slain by a sky beast

Vault maps used:
D:1:      tarquinn_simple_flora_water_e
D:2:      lemuel_round_altar, grunt_ashenzari_visionary
D:3:      minmay_wonky_spiral

Skill      XL: |  1  2  3 |
---------------+----------+-----
Fighting       | 3 |  3.1
Axes           | 4 |  4.3
Dodging        | 4 |  4.0
Throwing       | |  2.1
Armour         | |  0.3

Action                   || total
-------------------------++-------
Melee: War axe           ||    72
       Headbutt          ||     8
Throw: Throwing net      ||     3
  Use: Potion            ||     1
  Eat: Chunk             ||     1
Armor: Leather armour    ||    10
       Chain mail        ||    25
Dodge: Dodged            ||    36

Table legend:
 A = Spawn XP
 B = Non-spawn XP
 C = Spawn XP percentage of total XP
 D = Spawn monster count
 E = Non-spawn monster count
 F = Spawn count percentage of total count
 G = Total turns spent on level
                    A         B        C        D         E        F      G
               +---------+---------+-------+---------+---------+-------+---------
         Total |       0 |      70 |   0.0 |       0 |      40 |   0.0 |  1339
               +---------+---------+-------+---------+---------+-------+---------
           D:1 |       0 |      44 |   0.0 |       0 |      23 |   0.0 |   757
           D:2 |       0 |      24 |   0.0 |       0 |      15 |   0.0 |   543
           D:3 |       0 |       2 |   0.0 |       0 |       2 |   0.0 |    39
               +---------+---------+-------+---------+---------+-------+---------
